 Dungeon Crawl Stone Soup version 0.19.5 (webtiles) character file.

11 Gargoyl the Skirmisher (level 2, 0/26 HPs)
             Began as a Ghoul Abyssal Knight on Mar 16, 2017.
             Was a Follower of Lugonu.
             Slain by a hobgoblin
             ... wielding a +0 club
              (2 damage)
             ... on level 1 of the Dungeon.
             The game lasted 00:01:04 (214 turns).

Gargoyl the Skirmisher (Ghoul Abyssal Knight)        Turns: 214, Time: 00:01:04

Health: 0/26       AC:  4    Str: 15    XL:     2   Next: 29%
Magic:  2/2        EV: 11    Int:  7    God:    Lugonu [*.....]
Gold:   14         SH:  0    Dex:  8    Spells: 0 memorised, 1 level left

rFire  . . .     SeeInvis .     a - +1 hand axe
rCold  + . .     Gourm    .     b - +0 leather armour
rNeg   + + +     Faith    .     (no shield)
rPois  ∞         Spirit   .     e - +0 helmet
rElec  .         Reflect  .     (no cloak)
rCorr  .         Harm     .     (no gloves)
MR     .....                    (no boots)
Stlth  +.........               (no amulet)
                                (no ring)
                                (no ring)

@: rotting
A: rotting body, claws 1, carnivore 3, cold resistance 1, negative energy
resistance 3, slow regeneration 1, torment resistance, unbreathing
a: Depart the Abyss, Renounce Religion


You were on level 1 of the Dungeon.
You worshipped Lugonu.
Lugonu was aware of your devotion.
You were not hungry.

You visited 1 branch of the dungeon, and saw 1 of its levels.
You visited the Abyss 1 time.

You collected 14 gold pieces.

Inventory:

Hand Weapons
 a - a +1 hand axe (weapon)
Missiles
 d - 2 steel tomahawks (quivered)
Armour
 b - a +0 leather armour (worn)
 e - a +0 helmet (worn)
Comestibles
 c - a meat ration
 f - 2 royal jellies


   Skills:
 + Level 3.4 Fighting
 + Level 2.1 Axes
 * Level 2.0 Armour
 + Level 0.8 Dodging
 * Level 2.2 Invocations


You had one spell level left.
You didn't know any spells.

Dungeon Overview and Level Annotations

Branches:
Dungeon (1/15)

Altars:


Innate Abilities, Weirdness & Mutations

Your body is rotting away.
You thrive on raw meat.
You are immune to poison.
You have sharp fingernails.
You are carnivorous and can eat meat at any time.
Your flesh is cold resistant. (rC+)
You are immune to negative energy. (rN+++)
You regenerate slowly when monsters are visible.
You are immune to unholy pain and torment.
You can survive without breathing.


Message History

The jackal bites you but does no damage.
The jackal closely misses you.
You barely miss the hobgoblin.
The hobgoblin is almost dead.
You hit the jackal but do no damage. You hit the jackal.
You kill the jackal!
Lugonu accepts your kill.
You can now depart the Abyss.
The jackal closely misses you. The hobgoblin closely misses you.
Unknown command.
You barely miss the hobgoblin.
The hobgoblin is almost dead.
You barely miss the jackal. The jackal misses you.
The hobgoblin barely misses you. The jackal bites you.
* * * LOW HITPOINT WARNING * * *
You barely miss the hobgoblin.
The hobgoblin is almost dead.
You barely miss the jackal. The jackal bites you.
* * * LOW HITPOINT WARNING * * *
The hobgoblin hits you with a club.
You die...

....#.....##..
...##.<.....#....#....#
....#.....##.....#....##
.....##.###............
##....................
##..................#
#(.....####.........#
..##...#.^.#...†....#
(......#......†h@...#
#.##....#..#...g........
#)##..........###...##.#
#............... ....#
..............###....#
..............# ....#
#.###.####.##.# ....#
... ... ...... .....
####.... ...


You could see a jackal and a hobgoblin.

Vanquished Creatures
  A dart slug (D:1)
  A leopard gecko (D:1)
  A hobgoblin (D:1)
  3 jackals (D:1)
  A kobold (D:1)
7 creatures vanquished.

Notes
Turn   | Place    | Note
-------+----------+-------------------------------------------
     0 | Abyss:1  | Gargoyl the Ghoul Abyssal Knight began the quest for the Orb.
     0 | Abyss:1  | Reached XP level 1. HP: 19/19 MP: 1/1
    19 | Abyss:1  | Noticed a big kobold
    20 | Abyss:1  | Noticed a big kobold
    60 | Abyss:2  | Found a snail-covered altar of Cheibriados.
    88 | Abyss:3  | Found a corrupted altar of Lugonu.
   112 | Abyss:3  | Noticed an efreet
   113 | D:1      | Escaped the Abyss
   185 | D:1      | Reached XP level 2. HP: 23/26 MP: 2/2
   212 | D:1      | Reached * piety under Lugonu
   214 | D:1      | Slain by a hobgoblin

Skill      XL: |  1 |
---------------+----+-----
Axes           | 2 |  2.1
Armour         | 2 |  2.0
Fighting       | |  3.4
Dodging        | |  0.8
Invocations    | |  2.2

Action                   || total
-------------------------++-------
Melee: Hand axe          ||    21
Invok: Depart the Abyss  ||     1
  Use: Scroll            ||     1
  Eat: Chunk             ||     1
Armor: Leather armour    ||    12
Dodge: Dodged            ||    38
